 Dungeon Crawl Stone Soup version 0.28.0-43-g3370ac3207 (webtiles) character file.

Game seed: 15987578067711768284

25097 tizbic2 the Slinger (level 12, -4/111 HPs)
             Began as a Demonspawn Hunter on Mar 13, 2022.
             Was a Priest of Ignis.
             Slain by an entropy weaver (9 damage)
             ... on level 3 of the Lair of Beasts.
             The game lasted 01:33:23 (15757 turns).

tizbic2 the Slinger (Demonspawn Hunter)            Turns: 15757, Time: 01:33:23

Health: -4/111     AC:  8    Str: 12      XL:     12   Next: 86%
Magic:  0/30       EV: 13    Int: 18      God:    Ignis [***...]
Gold:   592        SH:  0    Dex: 12 (14) Spells: 9/23 levels left

rFire   + . .      SeeInvis .   q - +0 flail (protect)
rCold   . . .      Faith    .   (no shield)
rNeg    . . .      Spirit   +   B - +1 troll leather armour
rPois   .          Reflect  .   (no helmet)
rElec   .          Harm     .   s - +2 cloak {rCorr}
rCorr   +          Rampage  .   E - +0 pair of gloves
Will    .....                   e - +0 pair of boots
Stlth   +.........              i - amulet of Vitality {Regen+ HP+15}
HPRegen 1.88/turn               G - ring of magical power
MPRegen 0.44/turn               (no ring)

@: mighty, corroded, under a protective aura
A: claws 1, rugged brown scales 1, spiny 2, magic shield, magic regeneration
a: Renounce Religion, Fiery Armour, Foxfire Swarm


You were on level 3 of the Lair of Beasts.
You worshipped Ignis.
Ignis was most pleased with you.
You visited 4 branches of the dungeon, and saw 15 of its levels.

You collected 911 gold pieces.
You spent 319 gold pieces at shops.

Inventory:

Hand Weapons
 a - a +2 spear of venom
 q - a +0 flail of protection (weapon)
 w - the +5 hunting sling of a bailey {freeze, +Blink rC- Dex+8}
   (You acquired it on level 2 of the Lair of Beasts)

   Any ammunition fired from it freezes those it strikes, dealing additional
   cold damage.
   It can also slow down cold-blooded creatures.
   Dex:       It affects your dexterity (+8).
   rC:        It makes you vulnerable to cold.
   +Blink:    It lets you blink.
 z - a +3 scimitar of flaming
Missiles
 d - 35 sling bullets
 h - 237 stones
 y - 18 poisoned darts (quivered)
 D - 3 javelins
Armour
 e - a +0 pair of boots (worn)
 n - a +1 robe of resistance
 s - a +2 cloak of preservation (worn)
 t - a +2 robe of positive energy
 B - a +1 troll leather armour (worn)
 E - a +0 pair of gloves (worn)
Jewellery
 i - the amulet of Vitality (around neck) {Regen+ HP+15}
   (You found it on level 9 of the Dungeon)

   [amulet of regeneration]

   HP:        It affects your health (+15).
   Regen:     It increases your rate of health regeneration.
 A - an amulet of the acrobat
 G - a ring of magical power (left hand)
Wands
 k - a wand of flame (37)
 l - a wand of polymorph (6)
 v - a wand of paralysis (7)
 F - a wand of iceblast (4)
Scrolls
 c - 3 scrolls of immolation
 o - 3 scrolls of fear
 p - 3 scrolls of magic mapping
 u - a scroll of blinking
 H - 3 scrolls of identify
 I - a scroll of vulnerability
 J - a scroll of teleportation
Potions
 b - 2 potions of might
 f - 3 potions of degeneration
 g - 5 potions of attraction
 j - 2 potions of berserk rage
 m - a potion of brilliance
 r - a potion of cancellation
 x - a potion of magic
 C - 2 potions of lignification


   Skills:
 * Level 8.8 Fighting
 - Level 5.8 Maces & Flails
 * Level 11.2(11.3) Slings
 - Level 2.0(7.4) Throwing
 * Level 6.6 Armour
 - Level 5.7 Dodging
 - Level 0.8 Stealth
 - Level 3.9 Unarmed Combat
 - Level 6.1 Spellcasting
 - Level 4.6 Earth Magic
 - Level 7.1 Poison Magic


You had 9 spell levels left.
You knew the following spells:

 Your Spells              Type           Power      Damage    Failure   Level
a - Poisonous Vapours     Pois/Air       36%        N/A       4%          2
b - Olgreb's Toxic Radia  Pois           31%        N/A       8%          4
c - Passwall              Tmut/Erth      10%        N/A       9%          2
d - Stone Arrow           Conj/Erth      26%        3d8       17%         3
e - Portal Projectile     Hex/Tloc       10%        N/A       41%         3

Your spell library contained the following spells:

 Spells                   Type           Power      Damage    Failure   Level
 Sandblast                Erth           44%        2d11      2%          1
 Sting                    Tmut/Pois      72%        1d6       3%          1
 Call Canine Familiar     Summ           5%         N/A       41%         3
 Leda's Liquefaction      Hex/Erth       6%         N/A       50%         4


Dungeon Overview and Level Annotations

Branches:
Dungeon (10/15)            Temple (0/1) D:6            Lair (3/6) D:10
 Shoals (1/4) Lair:2       Spider (1/4) Lair:3
    Orc: D:9-12

Altars:
Ashenzari
Cheibriados
Dithmenos
Gozag
Kikubaaqudgha
Makhleb
Nemelex Xobeh
Okawaru
Qazlal
Ru
Trog
Uskayaw
Vehumet
Xom
Ignis

Shops:
D:3 *   D:4 [

Annotations:
Spider:1 2 transporters


Innate Abilities, Weirdness & Mutations

You have sharp fingernails.
You are partially covered in rugged brown scales. (AC +1, +3% HP)
You are mostly covered in sharp spines.
When hurt, damage is shared between your health and your magic reserves.
You regenerate magic rapidly.


Message History

The entropy weaver hits you but does no damage.
The entropy weaver hits you!
* * * LOW HITPOINT WARNING * * *
The entropy weaver hits you!
* * * LOW HITPOINT WARNING * * *
The entropy weaver barely misses you.
You feel much better.
The entropy weaver hits you but does no damage. x2
The entropy weaver hits you. The entropy weaver barely misses you.
You hit the entropy weaver.
The entropy weaver is severely wounded.
The entropy weaver points at you and mumbles some strange words.
Casting: Olgreb's Toxic Radiance (dangerous; 8% risk of failure)
Confirm with . or Enter, or press ? or * to list all spells.
You don't have enough magic to cast this spell.
You hit the entropy weaver but do no damage.
Your punch misses the entropy weaver.
The entropy weaver is severely wounded.
The entropy weaver completely misses you.
The entropy weaver barely misses you. The entropy weaver hits you!
* * * LOW HITPOINT WARNING * * *
The entropy weaver barely misses you.
You feel very mighty all of a sudden.
The entropy weaver hits you but does no damage.
The entropy weaver hits you.
* * * LOW HITPOINT WARNING * * *
The entropy weaver hits you but does no damage.
The entropy weaver hits you!
* * * LOW HITPOINT WARNING * * *
The entropy weaver points at you and mumbles some strange words.
The entropic weave corrodes you!
You closely miss the entropy weaver.
The entropy weaver is severely wounded.
The entropy weaver is struck by your spines.
The entropy weaver hits you!
* * * LOW HITPOINT WARNING * * *
The entropy weaver hits you!
* * * LOW HITPOINT WARNING * * *
The entropy weaver hits you!
You die...

##### #....##.#.##...##.......
#P..###......#)#.#....###.#P..
#...##......#.#.#.(...†##.....
##.####..........#...^###P....
#...# ##...#....##...## #.....
##..## ##.##....#########..#..
#....# #####.....####.#..#.P..
##...####.###......##.#.#.#...P
#.P.......##.@B.###..##.......
#....#####.###>#.#.......#...#
###### ##.######.#..#.#..P.#
##..##...###.#.....#
#..####.##......P##
##..##..........##
#.P####.##.....# ####.P#
####.#..#### #.#...#######...##
#.


You could see an entropy weaver (very poisoned).

Vanquished Creatures
  3 hydras
  Erica (D:9)
  A sea snake (Shoals:1)
  3 deep trolls (D:9)
  A lindwurm (Lair:2)
  A deep elf pyromancer (D:8)
  A manticore (Lair:2)
  Maurice (D:8)
  A black mamba (Lair:1)
  Joseph (D:9)
  A merfolk siren (Shoals:1)
  2 cane toads (Lair:1)
  4 komodo dragons
  A troll (D:10)
  A polar bear (Lair:3)
  A wind drake (Lair:2)
  A hornet (D:9)
  2 tarantellas (Spider:1)
  9 blink frogs (Lair:2)
  A snapping turtle (Shoals:1)
  7 culicivoras
  Sigmund (D:6)
  A wyvern (D:10)
  A vampire (D:10)
  Eustachio (D:6)
  22 yaks
  Grum (D:10)
  2 basilisks (Lair:3)
  2 redbacks (Spider:1)
  7 water moccasins
  Duvessa (D:7)
  6 orc warriors
  A sky beast (D:6)
  7 ogres
  3 necrophages
  6 centaurs
  3 wolves (D:10)
  2 kobold brigands (D:8)
  10 bullfrogs
  A gnoll sergeant (D:8)
  A scorpion (Lair:3)
  Dowan (D:7)
  2 water moccasin skeletons (D:5)
  A wyvern skeleton (D:6)
  12 killer bees (D:9)
  An electric eel (D:8)
  6 wights
  5 howler monkeys
  3 bullfrog zombies
  7 centaur zombies
  A hound (D:5)
  A bullfrog skeleton (D:6)
  A centaur skeleton (D:5)
  2 jellies (D:6)
  6 orc priests
  An iron imp (D:10)
  Jessica (D:2)
  6 hell rats
  3 iguanas
  10 orc wizards
  A killer bee zombie (D:7)
  A howler monkey zombie (D:8)
  7 adders
  2 shadow imps (D:5)
  A white imp (D:5)
  3 ufetubi
  A worm (D:5)
  A dart slug (D:5)
  28 orcs
  10 ball pythons
  11 endoplasms
  7 giant cockroaches
  6 goblins
  7 hobgoblins
  9 jackals
  11 kobolds
  8 quokkas
  6 bats
  A frilled lizard (D:1)
  6 rats
320 creatures vanquished.

Vanquished Creatures (others)
  A wizard (D:10)
  An ice beast (D:8)
  3 orc wizards
  40 foxfires
  7 fungi
  28 plants
  A withered plant (D:10)
81 creatures vanquished.

Grand Total: 401 creatures vanquished

Notes
Turn   | Place    | Note
-------+----------+-------------------------------------------
     0 | D:1      | tizbic2 the Demonspawn Hunter began the quest for the Orb.
     0 | D:1      | Reached XP level 1. HP: 16/16 MP: 1/1
    68 | D:1      | Gained mutation: You regenerate magic rapidly. [demonic
                  | ancestry]
    68 | D:1      | Reached XP level 2. HP: 22/22 MP: 2/2
   150 | D:1      | Reached skill level 1 in Throwing
   327 | D:1      | Reached XP level 3. HP: 26/27 MP: 3/3
   393 | D:1      | Reached skill level 4 in Slings
   435 | D:1      | Found a faded altar of an unknown god.
   447 | D:1      | Prayed at the altar of an unknown god.
   447 | D:1      | Became a worshipper of Ignis, the Dying Flame
  1029 | D:2      | Reached skill level 1 in Poison Magic
  1029 | D:2      | Reached XP level 4. HP: 34/34 MP: 3/5
  1198 | D:2      | Noticed Jessica
  1206 | D:2      | Killed Jessica
  1225 | D:2      | Learned a level 2 spell: Poisonous Vapours
  1274 | D:2      | Found a sacrificial altar of Ru.
  1281 | D:2      | Reached skill level 1 in Spellcasting
  1351 | D:3      | Found Becwa's Assorted Antiques.
  1360 | D:3      | Bought a scroll labelled EXTYIZUACIS for 26 gold pieces
  1360 | D:3      | Bought a glowing inky potion for 23 gold pieces
  1360 | D:3      | Bought a scroll labelled KUBBAN VIOMESY for 26 gold pieces
  1360 | D:3      | Bought 2 smoky sapphire potions for 46 gold pieces
  1611 | D:3      | Gained mutation: You are partially covered in sharp spines.
                  | [demonic ancestry]
  1611 | D:3      | Reached XP level 5. HP: 35/39 MP: 6/6
  1985 | D:4      | Found Weiptu's Armour Emporium.
  2095 | D:4      | Noticed an ogre
  2560 | D:4      | Found a shadowy altar of Dithmenos.
  2604 | D:4      | Killed an ogre
  2605 | D:4      | Gained mutation: You are partially covered in rugged brown
                  | scales. (AC +1, +3% HP) [demonic ancestry]
  2605 | D:4      | Reached XP level 6. HP: 26/48 MP: 8/8
  2860 | D:4      | Found a stormy altar of Qazlal.
  3193 | D:5      | Entered Level 5 of the Dungeon
  3221 | D:5      | Found an opulent altar of Gozag.
  3352 | D:5      | Reached skill level 5 in Slings
  3799 | D:5      | Reached XP level 7. HP: 42/53 MP: 5/10
  4348 | D:5      | Found a radiant altar of Vehumet.
  4602 | D:5      | Reached skill level 6 in Slings
  4602 | D:5      | Gained mutation: You have sharp fingernails. [demonic
                  | ancestry]
  4602 | D:5      | Reached XP level 8. HP: 61/61 MP: 12/12
  4858 | D:5      | Found a shimmering altar of Xom.
  5055 | D:6      | Found a burning altar of Makhleb.
  5203 | D:4      | Bought a +1 cloak of preservation for 198 gold pieces
  5301 | D:6      | Reached skill level 5 in Poison Magic
  5410 | D:6      | Found a staircase to the Ecumenical Temple.
  5471 | D:6      | Reached skill level 1 in Unarmed Combat
  5524 | D:6      | Noticed Eustachio
  5548 | D:6      | Killed Eustachio
  5850 | D:6      | Noticed Sigmund
  5868 | D:6      | Killed Sigmund
  6290 | D:6      | Reached skill level 7 in Slings
  6290 | D:6      | Reached XP level 9. HP: 69/69 MP: 14/14
  6305 | D:6      | Learned a level 4 spell: Olgreb's Toxic Radiance
  6308 | D:6      | Learned a level 2 spell: Passwall
  6647 | D:7      | Reached skill level 5 in Fighting
  6941 | D:7      | Reached skill level 1 in Earth Magic
  7246 | D:7      | Learned a level 3 spell: Stone Arrow
  7502 | D:7      | Noticed Duvessa
  7503 | D:7      | Noticed Dowan
  7519 | D:7      | Killed Duvessa
  7524 | D:7      | Killed Dowan
  8386 | D:8      | Noticed a deep elf pyromancer
  8663 | D:8      | Noticed Maurice
  8709 | D:8      | Killed Maurice
  8710 | D:8      | Reached skill level 8 in Slings
  9064 | D:8      | Killed a deep elf pyromancer
  9065 | D:8      | Gained mutation: You are mostly covered in sharp spines.
                  | [demonic ancestry]
  9065 | D:8      | Reached XP level 10. HP: 51/78 MP: 8/17
  9813 | D:9      | Reached skill level 5 in Spellcasting
 10084 | D:9      | Noticed Erica
 10105 | D:9      | Killed Erica
 10106 | D:9      | Reached skill level 1 in Armour
 10332 | D:9      | Noticed a six-headed hydra
 10350 | D:9      | Killed a four-headed hydra
 10737 | D:9      | Noticed Joseph
 10758 | D:9      | Killed Joseph
 11078 | D:9      | Found a hide-covered altar of Uskayaw.
 11080 | D:9      | Found an iron altar of Okawaru.
 11084 | D:9      | Noticed a deep troll
 11090 | D:9      | Noticed a deep troll
 11104 | D:9      | Killed a deep troll
 11472 | D:9      | Killed a deep troll
 11473 | D:9      | Reached XP level 11. HP: 36/85 MP: 8/19
 11557 | D:9      | Noticed a deep troll
 11576 | D:9      | Killed a deep troll
 11577 | D:9      | Reached skill level 9 in Slings
 11648 | D:9      | Found the amulet of Vitality {Regen+ HP+15}
 11681 | D:9      | Found an ancient bone altar of Kikubaaqudgha.
 12038 | D:10     | Entered Level 10 of the Dungeon
 12105 | D:10     | Reached skill level 5 in Dodging
 12116 | D:10     | Found a snail-covered altar of Cheibriados.
 12251 | D:10     | Found a broken altar of Ashenzari.
 12278 | D:10     | Found a staircase to the Lair.
 12452 | D:10     | Noticed Grum
 12458 | D:10     | Killed Grum
 12557 | D:10     | Found a sparkling altar of Nemelex Xobeh.
 12681 | D:10     | Reached skill level 1 in Maces & Flails
 12765 | D:10     | Found a bloodstained altar of Trog.
 12766 | D:10     | Noticed a wizard
 12771 | D:10     | Killed a wizard
 13074 | Lair:1   | Entered Level 1 of the Lair of Beasts
 13339 | Lair:1   | Reached skill level 5 in Armour
 13864 | Lair:1   | Gained mutation: When hurt, damage is shared between your
                  | health and your magic reserves. [demonic ancestry]
 13864 | Lair:1   | Reached XP level 12. HP: 93/93 MP: 21/21
 13894 | Lair:1   | Noticed a five-headed hydra
 13908 | Lair:1   | Killed a one-headed hydra
 13909 | Lair:1   | Reached skill level 10 in Slings
 14067 | Lair:2   | Identified a scroll of acquirement
 14067 | Lair:2   | Acquired the +5 hunting sling of a bailey {freeze, +Blink
                  | rC- Dex+8}
 14072 | Lair:2   | Found a staircase to the Shoals.
 14560 | Lair:2   | Reached skill level 5 in Maces & Flails
 14669 | Shoals:1 | Entered Level 1 of the Shoals
 14800 | Shoals:1 | Noticed a merfolk aquamancer
 14878 | Lair:3   | Noticed a seven-headed hydra
 14891 | Lair:3   | Killed a three-headed hydra
 15243 | Lair:3   | Reached skill level 11 in Slings
 15337 | Lair:3   | Learned a level 3 spell: Portal Projectile
 15405 | Lair:3   | Found a hole to the Spider Nest.
 15695 | Spider:1 | Entered Level 1 of the Spider Nest
 15695 | Spider:1 | Noticed a boulder beetle
 15695 | Spider:1 | Noticed a boulder beetle
 15695 | Spider:1 | Noticed a boulder beetle
 15695 | Spider:1 | Found a transporter.
 15695 | Spider:1 | Found a transporter.
 15738 | Spider:1 | Noticed an entropy weaver
 15757 | Lair:3   | HP: 5/111 [entropy weaver (12)]
 15757 | Lair:3   | Slain by an entropy weaver

Illustrated notes

Levels and vault maps discovered:
D:1:      minmay_arrival_four_houses, layout_loops_ring, basic_ecumenical_altar,
          minmay_3d_cube
D:2:      layout_rooms, basic_altar, uniq_jessica
D:3:      layout_rooms, serial_shops, shop_statue, solitary_fountain,
          minmay_bisected
D:4:      layout_basic, mainiacjoe_overflow_cross_hatched,
          grunt_dithmenos_smoke_and_mirrors, serial_shops, shop,
          minmay_misc_feat_cross, hangedman_decor_push
D:5:      layout_basic, mainiacjoe_overflow_alcove_4,
          mainiacjoe_overflow_surrounded_room, fiery_altar_vehumet,
          minmay_pentangle
D:6:      nicolae_BIG_FREAKIN_CUBE, layout_basic, lemuel_round_altar,
          roderic_serpentine_path, uniq_sigmund, uniq_eustachio
D:7:      layout_gridville, uniq_duvessa
D:8:      layout_basic, serial_bayou_pond_b, lemuel_old_faithful, uniq_maurice
D:9:      layout_layer_cave, grunt_temple_overflow_open,
          hellmonk_guarded_unrand_vitality_bloodlust, uniq_joseph, uniq_erica
D:10:     layout_basic, trog_wizard, amcnicky_altar_gilded,
          overflow_temple_1_default, slow_altar_1, david_lair_shrubbed,
          serial_undead, serial_undead_e, serial_undead_a, serial_undead_d,
          serial_undead_c, uniq_grum
Lair:1:   layout_cellular_growth
Lair:2:   layout_regular_city, minmay_shoals_entry_beasts
Lair:3:   layout_loops_ring, hellmonk_spider_entry_life_and_decay, st_stairs_8
Shoals:1: layout_shoals, serial_shops, nicolae_lakefront_shop,
          nicolae_shoals_water_shrine
Spider:1: gammafunk_boulding_lane

Skill      XL: |  1  2  3  4  5  6  7  8  9 10 11 12 |
---------------+-------------------------------------+-----
Throwing       | 1 2 |  2.0
Dodging        | 2 4 5 |  5.7
Slings         | 4 5 6 7 8 9 11 | 11.2
Poison Magic   | 1 2 3 4 6 7 |  7.1
Spellcasting   | 1 2 3 4 5 6 |  6.1
Fighting       | 3 4 5 6 7 8 |  8.8
Unarmed Combat | 2 3 |  3.9
Earth Magic    | 3 4 |  4.6
Armour         | 3 5 6 |  6.6
Maces & Flails | 3 5 |  5.8
Stealth        | |  0.8

Action                   |  1- 3 |  4- 6 |  7- 9 | 10-12 || total
-------------------------+-------+-------+-------+-------++-------
Melee: Whip              |    41 |    71 |    25 |       ||   137
       Punch             |     1 |     1 |     2 |     9 ||    13
       Flail             |       |    45 |   102 |   231 ||   378
       Hunting sling     |       |     1 |       |       ||     1
       Spear             |       |       |    10 |    19 ||    29
       Scimitar          |       |       |       |    31 ||    31
 Fire: Hunting sling     |    61 |    88 |    96 |   222 ||   467
Throw: Stone             |       |     1 |       |       ||     1
       Dart              |       |       |       |     4 ||     4
 Cast: Poisonous Vapours |       |     2 |    24 |    39 ||    65
       Olgreb's Toxic Ra |       |       |    11 |    86 ||    97
       Stone Arrow       |       |       |     2 |     4 ||     6
Invok: Fiery Armour      |       |     1 |     2 |     1 ||     4
       Rising Flame      |       |     1 |       |       ||     1
       Foxfire Swarm     |       |       |     2 |       ||     2
Evoke: Wand              |       |       |     1 |       ||     1
  Use: Scroll            |       |     6 |     5 |    14 ||    25
       Potion            |       |     3 |     5 |    10 ||    18
Armor: Ring mail         |    17 |    54 |    89 |    10 ||   170
       Robe              |       |       |    48 |    19 ||    67
       Troll leather arm |       |       |       |   241 ||   241
Dodge: Dodged            |    24 |    83 |   134 |   293 ||   534
